 Dungeon Crawl Stone Soup version 0.20.1-1-g8b1a95d (webtiles) character file.

10533 Peloso the Carver (level 11, -5/83 HPs)
             Began as a Demonspawn Fighter on Aug 2, 2017.
             Was a High Priest of Okawaru.
             Killed from afar by a gargoyle (26 damage)
             ... with a stone arrow
             ... on level 10 of the Dungeon.
             The game lasted 00:34:06 (10395 turns).

Peloso the Carver (Demonspawn Fighter)             Turns: 10395, Time: 00:34:07

Health: -5/83      AC: 22    Str: 20    XL:     11   Next: 37%
Magic:  11/11      EV:  8    Int:  9    God:    Okawaru [*****.]
Gold:   615        SH: 11    Dex: 13    Spells: 10/10 levels left

rFire    . . .     SeeInvis +   a - +2 scimitar (flame)
rCold    . . .     Gourm    .   c - +0 shield
rNeg     . . .     Faith    .   I - +3 chain mail
rPois    .         Spirit   .   j - +1 hat
rElec    .         Reflect  .   y - +1 cloak
rCorr    .         Harm     .   (no gloves)
MR       .....                  (no boots)
Stlth    ..........             D - amulet of rage
Regen    0.3/turn               O - ring of see invisible
MPRegen  0.2/turn               (no ring)

@: no status effects
A: horns 1, iridescent scales 3, demonic guardian 1, rot immunity
a: Heroism, Finesse, Renounce Religion, Evoke Berserk Rage


You were on level 10 of the Dungeon.
You worshipped Okawaru.
Okawaru was extremely pleased with you.
You were not hungry.

You visited 1 branch of the dungeon, and saw 10 of its levels.
You also visited: Sewer.

You collected 615 gold pieces.

Inventory:

Hand Weapons
 a - a +2 scimitar of flaming (weapon)
 N - a +3 scimitar
Armour
 c - a +0 shield (worn)
 j - a +1 hat (worn)
 y - a +1 cloak (worn)
 I - a +3 chain mail (worn)
Jewellery
 D - an amulet of rage (around neck)
 O - a ring of see invisible (left hand)
Wands
 m - a wand of paralysis (12/24)
 u - a wand of iceblast (4/15)
 x - a wand of digging (19/24)
 C - a wand of iceblast (6/15)
 H - a wand of acid (0/15)
 J - a wand of confusion (16/48)
 L - a wand of confusion (16/48)
 P - a wand of lightning (11/15)
Scrolls
 o - 3 scrolls of remove curse
 r - 4 scrolls of teleportation
 t - 2 scrolls of fog
 v - a scroll of enchant weapon
 B - a scroll of amnesia
 F - a scroll of blinking
 M - 3 scrolls of fear
Potions
 b - a potion of curing
 d - a potion of might
 e - a potion of cancellation
 h - 2 potions of heal wounds
 k - 8 potions of invisibility
 l - 3 potions of mutation
 n - a potion of berserk rage
 s - 4 potions of haste {unknown}
 w - 4 potions of lignification {unknown}
 z - 3 potions of flight {unknown}
 A - a potion of resistance {unknown}
 E - 3 potions of brilliance {unknown}
Books
 i - a book of Geomancy

   Spells                             Type                      Level
   a - Sandblast                      Earth                        1
   b - Passwall                       Transmutation/Earth          2
   c - Stone Arrow                    Conjuration/Earth            3
   d - Petrify                        Transmutation/Earth          4
   e - Lee's Rapid Deconstruction     Earth                        5
 K - a book of Party Tricks

   Spells                             Type                      Level
   a - Summon Butterflies             Summoning                    1
   b - Apportation                    Translocation                1
   c - Lesser Beckoning               Translocation                3
   d - Tukima's Dance                 Hexes                        3
   e - Alistair's Intoxication        Transmutation/Poison         5
   f - Invisibility                   Hexes                        6
 Q - a book of Callings

   Spells                             Type                      Level
   a - Summon Small Mammal            Summoning                    1
   b - Call Imp                       Summoning                    2
   c - Call Canine Familiar           Summoning                    3
   d - Summon Guardian Golem          Hexes/Summoning              3
   e - Summon Lightning Spire         Summoning/Air                4
   f - Summon Ice Beast               Ice/Summoning                4
Comestibles
 f - 6 bread rations
 g - 5 fruits
 p - 3 meat rations
 q - 3 royal jellies
 G - 4 chunks of flesh


   Skills:
 + Level 6.8 Fighting
 + Level 10.8 Long Blades
 + Level 7.0 Armour
 + Level 3.5 Dodging
 + Level 1.2 Stealth
 + Level 8.8 Shields
 + Level 0.6 Invocations
 + Level 1.1 Evocations


You had 10 spell levels left.
You didn't know any spells.

Dungeon Overview and Level Annotations

Branches:
Dungeon (10/15)            Temple (0/1) D:4            Lair (0/6) D:10
    Orc (0/2) D:10

Altars:
Elyvilon
Fedhas
Hepliaklqana
Okawaru
Qazlal
Ru
Zin

Portals:
Trove: D:10 (give 4 potions of resistance)


Innate Abilities, Weirdness & Mutations

You have a pair of small horns on your head.
You are completely covered in iridescent scales. (AC +6)
A weak demonic guardian rushes to your aid.
You are immune to rotting.


Message History

Some of the chunks of flesh in your inventory have rotted away.
You hit the gargoyle but do no damage. Your headbutt misses the gargoyle.
You hit the gargoyle. You burn the gargoyle.
The gargoyle is lightly damaged.
The gargoyle hits you with a flail.
* * * LOW HITPOINT WARNING * * *
You hit the gargoyle. You burn the gargoyle. Your headbutt misses the gargoyle.
The gargoyle is moderately damaged.
The gargoyle barely misses you.
You slash the gargoyle! You burn the gargoyle.
You headbutt the gargoyle, but do no damage.
The gargoyle is severely damaged.
You block the gargoyle's attack.
You closely miss the gargoyle.
The gargoyle is severely damaged.
You hit the gargoyle but do no damage. Your headbutt misses the gargoyle.
The gargoyle is severely damaged.
The gargoyle hurls a stone arrow at you.
The stone arrow hits you!
You die...

### ..
#####....... #.
#............
####.##.###....(..
#...9@5..........
#.##.##.###.....
#. #.# #.#.# ..
#.####.#.# ###
#...)....#
######'### ##..##
##....# #.
##.O..#..# # .


You could see a gargoyle and a friendly shadow imp.

Vanquished Creatures
  2 two-headed ogres
  Erica (D:9)
  Pikel (D:6)
  A queen bee (D:10)
  A hippogriff (D:8)
  Sigmund (D:4)
  A vampire (D:10)
  11 yaks
  A hungry ghost (D:10)
  A steam dragon (D:10)
  The ghost of tesudzi the Grave Robber, an amateur DsNe (D:4)
  Edmund (D:6)
  A water moccasin (D:6)
  Purgy (Sewer)
  Duvessa (D:7)
  3 slaves (D:6)
  An ice beast (D:6)
  2 sky beasts (D:5)
  2 orc warriors
  An eye of draining (D:10)
  3 necrophages
  3 ogres
  4 phantoms
  A black bear (D:10)
  3 centaurs
  4 bullfrogs
  Dowan (D:7)
  A wyvern skeleton (D:9)
  A scorpion (D:4)
  A troll zombie (D:10)
  13 killer bees (D:10)
  16 wights
  A howler monkey (D:4)
  A crimson imp (D:6)
  2 bullfrog zombies
  A quasit (D:8)
  2 centaur zombies
  4 hounds
  2 orc priests
  6 orc wizards
  A centaur skeleton (D:9)
  5 iguanas
  8 worker ants
  5 ogre zombies (D:10)
  A hound zombie (D:5)
  3 hound skeletons
  A mummy (D:10)
  A worker ant zombie (D:5)
  Robin (D:2)
  9 adders
  3 shadow imps
  3 oozes
  2 adder skeletons
  5 worms
  5 dart slugs
  5 leopard geckos
  40 orcs
  3 ball pythons
  7 giant cockroaches
  14 goblins
  10 hobgoblins
  2 jackals (D:1)
  12 kobolds
  5 quokkas
  6 bats
  5 frilled lizards
  A giant cockroach zombie (D:5)
  2 goblin zombies (D:10)
  3 hobgoblin zombies (D:10)
  3 orc skeletons (D:10)
  6 orc zombies (D:10)
  A quokka skeleton (D:5)
  8 rats
291 creatures vanquished.

Vanquished Creatures (collateral kills)
  Grinder (D:4)
  A wyvern (D:9)
  A yak (D:9)
  A phantom (D:10)
  2 centaurs
  A scorpion (D:3)
  2 killer bees (D:10)
  2 wights
  2 adders (D:6)
  4 orcs
  A goblin (D:3)
  A quokka (D:10)
  A hobgoblin zombie (D:10)
  An orc skeleton (D:10)
  An orc zombie (D:10)
22 creatures vanquished.

Vanquished Creatures (others)
  An orc wizard (D:3)
1 creature vanquished.

Grand Total: 314 creatures vanquished

Notes
Turn   | Place    | Note
-------+----------+-------------------------------------------
     0 | D:1      | Peloso the Demonspawn Fighter began the quest for the Orb.
     0 | D:1      | Reached XP level 1. HP: 18/18 MP: 1/1
   205 | D:1      | Gained mutation: A weak demonic guardian rushes to your aid. [demonic ancestry]
   205 | D:1      | Reached XP level 2. HP: 14/24 MP: 2/2
   769 | D:1      | Gained mutation: You are partially covered in iridescent scales. (AC +2) [demonic ancestry]
   769 | D:1      | Reached XP level 3. HP: 28/29 MP: 3/3
   891 | D:1      | Reached skill level 2 in Long Blades
  1065 | D:2      | Found a white marble altar of Elyvilon.
  1595 | D:2      | Gained mutation: You have a pair of small horns on your head. [demonic ancestry]
  1595 | D:2      | Reached XP level 4. HP: 35/35 MP: 4/4
  2201 | D:3      | Noticed Robin
  2662 | D:2      | Killed Robin
  2671 | D:2      | Reached skill level 3 in Long Blades
  2671 | D:2      | Gained mutation: You are mostly covered in iridescent scales. (AC +4) [demonic ancestry]
  2671 | D:2      | Reached XP level 5. HP: 11/42 MP: 5/5
  3238 | D:3      | Reached skill level 1 in Dodging
  3457 | D:3      | Reached XP level 6. HP: 48/48 MP: 6/6
  3883 | D:4      | Noticed Grinder
  3883 | D:4      | Noticed tesudzi's ghost (amateur DsNe)
  3893 | D:4      | Killed Grinder
  3893 | D:4      | Reached skill level 4 in Long Blades
  3896 | D:4      | Killed tesudzi's ghost
  3896 | D:4      | Gained mutation: You are immune to rotting. [demonic ancestry]
  3896 | D:4      | Reached XP level 7. HP: 54/54 MP: 7/7
  3958 | D:4      | Found an iron altar of Okawaru.
  3987 | D:4      | Became a worshipper of Warmaster Okawaru
  4044 | D:4      | Reached skill level 5 in Long Blades
  4130 | D:4      | Found a staircase to the Ecumenical Temple.
  4170 | D:4      | Found a glowing drain.
  4208 | Sewer    | Entered a sewer
  4247 | Sewer    | Noticed Purgy
  4253 | Sewer    | Killed Purgy
  4683 | D:4      | Noticed Sigmund
  4686 | D:4      | Killed Sigmund
  4686 | D:4      | Reached XP level 8. HP: 60/60 MP: 8/8
  5107 | D:5      | Entered Level 5 of the Dungeon
  5154 | D:5      | Found a blossoming altar of Fedhas.
  5265 | D:5      | Reached skill level 5 in Shields
  5274 | D:5      | Reached * piety under Okawaru
  5274 | D:5      | Reached skill level 6 in Long Blades
  5412 | D:5      | Found a stormy altar of Qazlal.
  5458 | D:5      | Reached skill level 5 in Armour
  5643 | D:5      | Reached skill level 1 in Stealth
  6127 | D:6      | Noticed Edmund
  6139 | D:6      | Killed Edmund
  6286 | D:6      | Reached skill level 7 in Long Blades
  6523 | D:6      | Noticed Pikel
  6555 | D:6      | Killed Pikel
  6555 | D:6      | Reached ** piety under Okawaru
  6555 | D:6      | Reached XP level 9. HP: 55/67 MP: 9/9
  6627 | D:6      | Reached skill level 5 in Fighting
  6738 | D:6      | Found a glowing silver altar of Zin.
  6738 | D:6      | Found a hazy altar of Hepliaklqana.
  6738 | D:6      | Found a stormy altar of Qazlal.
  6738 | D:6      | Found a sacrificial altar of Ru.
  6771 | D:6      | Reached *** piety under Okawaru
  7187 | D:6      | Reached skill level 8 in Long Blades
  7310 | D:7      | Noticed Duvessa
  7311 | D:7      | Noticed Dowan
  7328 | D:7      | Killed Duvessa
  7344 | D:7      | Killed Dowan
  8079 | D:8      | Noticed a two-headed ogre
  8177 | D:8      | Killed a two-headed ogre
  8177 | D:8      | Reached **** piety under Okawaru
  8177 | D:8      | Gained mutation: You are completely covered in iridescent scales. (AC +6) [demonic ancestry]
  8177 | D:8      | Reached XP level 10. HP: 72/75 MP: 7/10
  8253 | D:8      | Reached ***** piety under Okawaru
  8554 | D:9      | Reached skill level 1 in Evocations
  8558 | D:9      | Reached skill level 9 in Long Blades
  8631 | D:9      | Noticed a two-headed ogre
  8645 | D:9      | Killed a two-headed ogre
  9125 | D:9      | Received a gift from Okawaru
  9252 | D:9      | Was placed under penance by Okawaru
  9377 | D:9      | Noticed Erica
  9396 | D:9      | Killed Erica
  9396 | D:9      | Was forgiven by Okawaru
  9396 | D:9      | Reached skill level 10 in Long Blades
  9773 | D:10     | Entered Level 10 of the Dungeon
  9798 | D:10     | Reached XP level 11. HP: 60/83 MP: 9/11
  9974 | D:10     | Found a portal to a secret trove of treasure.
 10160 | D:10     | Found a staircase to the Lair.
 10186 | D:10     | Found a staircase to the Orcish Mines.
 10395 | D:10     | Killed from afar by a gargoyle

Skill      XL: |  1  2  3  4  5  6  7  8  9 10 11 |
---------------+----------------------------------+-----
Armour         | 3 4 5 6 7 |  7.0
Long Blades    | 2 3 4 5 7 8 10 | 10.8
Shields        | 3 4 5 7 8 |  8.8
Dodging        | 1 2 3 |  3.5
Fighting       | 4 5 6 |  6.8
Stealth        | 1 |  1.2
Evocations     | 1 |  1.1
Invocations    | |  0.6

Action                   |  1- 3 |  4- 6 |  7- 9 | 10-12 || total
-------------------------+-------+-------+-------+-------++-------
Melee: Long sword        |   139 |   205 |   538 |   168 ||  1050
       Headbutt          |       |    33 |   115 |   112 ||   260
       Scimitar          |       |       |       |   259 ||   259
Invok: Heroism           |       |       |     2 |     2 ||     4
Evoke: Wand              |       |     1 |     6 |       ||     7
  Use: Scroll            |       |     1 |     7 |    12 ||    20
       Potion            |       |     1 |       |     3 ||     4
 Stab: Distracted        |       |       |     3 |     1 ||     4
  Eat: Chunk             |     2 |     8 |    15 |     9 ||    34
Armor: Scale mail        |    21 |       |       |       ||    21
       Chain mail        |    44 |   154 |   275 |   205 ||   678
Dodge: Dodged            |    33 |    49 |   103 |   118 ||   303
Block: Shield            |    67 |   122 |   251 |   260 ||   700
       Rpst.: Long sword |     7 |    21 |    32 |    15 ||    75
       Scimitar          |       |       |       |    27 ||    27
